 Dungeon Crawl Stone Soup version 0.28-a0-75-g15dc114455 (webtiles) character file.

Game seed: 9285382118473156832

324 HAL9000 the Chucker (level 6, -3/28 (30) HPs)
             Began as a Vine Stalker Brigand on Aug 2, 2021.
             Slain by a wight (4 damage)
             ... on level 4 of the Dungeon.
             The game lasted 00:06:44 (3216 turns).

HAL9000 the Chucker (Vine Stalker Brigand)          Turns: 3216, Time: 00:06:44

HP:   -3/28 (30)    AC:  4    Str: 15    XL:     6   Next: 48%
MP:   0/7           EV: 11    Int: 12    God:
Gold: 140           SH:  0    Dex: 15    Spells: 5/5 levels left

rFire   . . .      SeeInvis .   k - +2 dagger (venom)
rCold   . . .      Faith    .   (no shield)
rNeg    . . .      Spirit   +   m - +0 robe {Will+}
rPois   .          Reflect  .   j - +0 helmet
rElec   .          Harm     .   c - +0 cloak
rCorr   .          Rampage  .   (no gloves)
Will    +....                   (no boots)
Stlth   +++.......              (no amulet)
HPRegen 1.09/turn               (no ring)
MPRegen 0.10/turn               (no ring)

@: drained
A: fangs 2, regeneration 1, magic shield, antimagic bite, no potion heal 2
a: no special abilities


You were on level 4 of the Dungeon.
You visited 1 branch of the dungeon, and saw 4 of its levels.

You collected 140 gold pieces.

Inventory:

Hand Weapons
 a - a +2 dagger
 k - a +2 dagger of venom (weapon)
Missiles
 d - 11 poisoned darts
 e - 2 curare-tipped darts (quivered)
Armour
 c - a +0 cloak (worn)
 j - a +0 helmet (worn)
 m - a +0 robe of willpower (worn)
Scrolls
 b - a scroll of magic mapping {unknown}
 i - 3 scrolls of fear
 l - 2 scrolls of enchant armour {unknown}
 o - 2 scrolls of fog {unknown}
 p - 2 scrolls of identify {unknown}
 r - a scroll of silence {unknown}
 s - a scroll of teleportation {unknown}
Potions
 f - a potion of resistance {unknown}
 g - a potion of curing {unknown}
 h - 2 potions of degeneration {unknown}
 n - a potion of lignification {unknown}
 q - a potion of flight {unknown}


   Skills:
 - Level 1.7 Fighting
 + Level 2.9 Short Blades
 - Level 5.5 Throwing
 - Level 0.7 Dodging
 - Level 4.8 Stealth


You had 5 spell levels left.
You didn't know any spells.
Your spell library contained the following spells:

 Spells                   Type           Power      Damage    Failure   Level
 Pain                     Necr           0%         1d4       32%         1
 Gell's Gravitas          Tloc           0%         N/A       69%         3
 Lesser Beckoning         Tloc           0%         N/A       69%         3
 Teleport Other           Tloc           0%         N/A       69%         3
 Agony                    Necr           0%         N/A       100%        5
 Excruciating Wounds      Necr           0%         N/A       100%        5


Dungeon Overview and Level Annotations

Branches:
Dungeon (4/15)
 Temple: D:4-7

Altars:
Hepliaklqana
Makhleb
Sif Muna
Yredelemnul
The Shining One


Innate Abilities, Weirdness & Mutations

You have extremely sharp teeth.
Your natural rate of healing is unusually fast.
When hurt, damage is shared between your health and your magic reserves.
Your bite disrupts and absorbs the magic of your enemies.
Potions cannot restore your health.


Message History

e - 2 curare-tipped darts (gained 1) Magic restored.
Found 9 stones.
Found a broad axe.
A wight comes into view. It is wielding a +4 dagger of freezing.
You see here 14 gold pieces.
A wight is nearby!
You now have 140 gold pieces (gained 14).
You barely miss the wight. The wight misses you.
You hit the wight but do no damage.
The wight hits you with a +4 dagger of freezing!
You feel drained. The wight freezes you.
You hit the wight. You bite the wight, but do no damage.
The wight is moderately damaged.
You hit the wight but do no damage.
The wight is moderately damaged.
The wight barely misses you.
You barely miss the wight. Your bite misses the wight.
The wight is moderately damaged.
The wight hits you but does no damage.
You hit the wight but do no damage. You bite the wight. You drain its power.
You feel invigorated.
The wight is severely damaged.
The wight hits you with a +4 dagger of freezing.
You feel drained. The wight freezes you.
You hit the wight.
The wight is severely damaged.
The wight hits you with a +4 dagger of freezing.
The wight freezes you.
You closely miss the wight.
The wight is severely damaged.
The wight hits you with a +4 dagger of freezing.
The wight freezes you.
* * * LOW HITPOINT WARNING * * *
You completely miss the wight. Your bite misses the wight.
The wight is severely damaged.
The wight hits you with a +4 dagger of freezing!
* * * LOW HITPOINT WARNING * * *
The wight freezes you.
You die...

..............<.....#.#.#.#.#
###.......##.................
..............##.#.#.###.###
#...#..##.##......#..... .#
.............#......##### #
#.....###.####..#######
....(...[....).
#.########.#######
......z@..........
.##..######.##.### # ... ..##
#.# .# ..


You could see a wight.

Vanquished Creatures
  An ice beast (D:4)
  An orc priest (D:3)
  A bullfrog skeleton (D:3)
  2 orc wizards (D:3)
  4 adders
  4 dart slugs
  6 orcs (D:3)
  6 bats
  4 endoplasms
  3 giant cockroaches (D:2)
  5 goblins
  6 hobgoblins
  20 jackals
  6 kobolds
  3 quokkas
  A ball python (D:4)
  2 frilled lizards
  4 rats
79 creatures vanquished.

Vanquished Creatures (others)
  An orc wizard (D:3)
  4 plants (D:1)
5 creatures vanquished.

Grand Total: 84 creatures vanquished

Notes
Turn   | Place    | Note
-------+----------+-------------------------------------------
     0 | D:1      | HAL9000 the Vine Stalker Brigand began the quest for the
                  | Orb.
     0 | D:1      | Reached XP level 1. HP: 11/11 MP: 2/2
    53 | D:1      | Reached skill level 2 in Throwing
    73 | D:1      | Reached XP level 2. HP: 13/15 MP: 3/3
   338 | D:1      | Found a faded altar of an unknown god.
   385 | D:1      | Reached skill level 3 in Throwing
   618 | D:1      | Reached XP level 3. HP: 3/18 MP: 4/4
  1937 | D:2      | Gained mutation: Your natural rate of healing is unusually
                  | fast. [Vine Stalker growth]
  1937 | D:2      | Reached XP level 4. HP: 23/23 MP: 5/5
  2081 | D:2      | Reached skill level 4 in Throwing
  2231 | D:3      | Found a shimmering blue altar of Sif Muna.
  2336 | D:3      | Found a glowing golden altar of the Shining One.
  2338 | D:3      | Noticed an angel
  2355 | D:3      | Reached XP level 5. HP: 23/26 MP: 6/6
  2540 | D:3      | Found a faded altar of an unknown god.
  2540 | D:3      | Found a hazy altar of Hepliaklqana.
  2562 | D:3      | Reached skill level 5 in Throwing
  2621 | D:3      | Found a faded altar of an unknown god.
  2815 | D:3      | Found a basalt altar of Yredelemnul.
  2818 | D:3      | Noticed a profane servitor
  2932 | D:3      | Found a burning altar of Makhleb.
  3048 | D:4      | Reached XP level 6. HP: 28/30 MP: 7/7
  3071 | D:4      | Noticed an ice beast
  3178 | D:4      | Killed an ice beast
  3216 | D:4      | HP: 1/28 [wight (8)]
  3216 | D:4      | Slain by a wight

Illustrated notes

Levels and vault maps discovered:
D:1:      roderic_crop_circles_arrival_small, layout_rooms,
          ebering_ecumenical_altar_hall, ebering_dispersal_statue_hall,
          corexii_leaking_fountain, minmay_vboxes
D:2:      layout_loops_ring, minmay_quantized
D:3:      layout_rooms, grunt_temple_overflow_holy_war,
          nicolae_hepliaklqana_ecumenical_no_more, mainiacjoe_overflow_brackets,
          lemuel_round_altar
D:4:      layout_basic, grunt_ministairs_13

Skill      XL: |  1  2  3  4  5  6 |
---------------+-------------------+-----
Throwing       | 2 3 4 5 |  5.5
Short Blades   | 2 |  2.9
Fighting       | |  1.7
Dodging        | |  0.7
Stealth        | |  4.8

Action                   |  1- 3 |  4- 6 || total
-------------------------+-------+-------++-------
Melee: Dagger            |   100 |   126 ||   226
       Bite              |    25 |    40 ||    65
Throw: Dart              |     2 |    15 ||    17
  Use: Scroll            |     1 |       ||     1
 Stab: Sleeping          |     5 |     5 ||    10
Armor: Robe              |    36 |    35 ||    71
Dodge: Dodged            |    66 |    57 ||   123

Table legend: (Time is in decaauts)
 A = Elapsed time spent in this place.
 B = Non-inter-level travel time spent in this place.
 C = Inter-level travel time spent in this place.
 D = Time resting spent in this place.
 E = Time spent auto-exploring this place.
 F = Levels seen in this place.
 G = Mean time per level.
                   A        B        C        D        E       F      G
               +--------+--------+--------+--------+--------+-----+--------+
         Total |   3190 |   3110 |     80 |    781 |   1619 |   4 |  797.5 |
       Dungeon |   3190 |   3110 |     80 |    781 |   1619 |   4 |  797.5 |
               +--------+--------+--------+--------+--------+-----+--------+

Top non-repeatable levels by time:
     D:1: 1423 daAuts
     D:3: 774 daAuts
     D:2: 768 daAuts
     D:4: 224 daAuts
